 Dungeon Crawl Stone Soup version 0.30.1-1-g62c8e00024 (webtiles) character file.

Game seed: 14602195515647374119

4519 Cirac the Slasher (level 10, -2/75 HPs)
             Began as a Djinni Gladiator on July 16, 2023.
             Was a Follower of Makhleb.
             Slain by a yak (12 damage)
             ... on level 9 of the Dungeon.
             The game lasted 01:23:07 (10808 turns).

Cirac the Slasher (Djinni Gladiator)               Turns: 10808, Time: 01:23:07

Health: -2/75      AC:  8    Str: 13    XL:     10   Next: 66%
Gold:   509        EV: 17    Int: 10    God:    Makhleb [*.....] SH:  0 Dex: 25

rFire   + + .        S - +7 long sword (freeze)
rCold   x . .        (no shield)
rNeg    + . .        G - +1 leather armour {Will+}
rPois   ∞            c - +0 helmet
rElec   .            r - +0 cloak
rCorr   .            n - +0 pair of gloves
SInv    .            (boots unavailable)
Will    +++..        F - amulet "Cuklux" {rN+ Regen+}
Stlth   +++          w - ring of willpower
HPRegen 1.12/turn    P - +6 ring of dexterity
MPRegen 0.00/turn

%: infuse magic (-3 HP)
@: flying
A: sickness immunity, fire resistance 2, cold vulnerability 1, float, innate
caster, HP casting, extra vitality 1
a: Renounce Religion


You were on level 9 of the Dungeon.
You worshipped Makhleb.
Makhleb was aware of your devotion.
You visited 2 branches of the dungeon, and saw 10 of its levels.
You also visited: Ossuary.

You collected 509 gold pieces.

Inventory:

Hand Weapons
 f - a +3 falchion of freezing
 v - a +2 dagger of venom
 B - a +2 antimagic scythe
 S - a +7 long sword of freezing (weapon)
Missiles
 d - 3 throwing nets (quivered)
 e - 6 javelins
 h - 20 poisoned darts
 o - 2 silver javelins
Armour
 c - a +0 helmet (worn)
 n - a +0 pair of gloves (worn)
 r - a +0 cloak (worn)
 C - a +0 robe of fire resistance
 G - a +1 leather armour of willpower (worn)
Magical Staves
 l - a staff of conjuration
Jewellery
 m - a ring of flight
 p - a ring of fire
 w - a ring of willpower (left hand)
 F - the amulet "Cuklux" (around neck) {rN+ Regen+}
   (You found it on level 6 of the Dungeon)

   [amulet of regeneration]

   rN:        It protects you from negative energy.
   Regen:     It increases your rate of health regeneration.
 P - a +6 ring of dexterity (right hand)
 U - a ring of fire
Wands
 y - a wand of mindburst (30)
 D - a wand of roots (5)
 E - a wand of polymorph (4)
 Q - a wand of digging (8)
Scrolls
 a - a scroll of identify
 g - 2 scrolls of noise
 j - 4 scrolls of teleportation
 k - 2 scrolls of magic mapping
 q - 2 scrolls of fear
 x - a scroll of vulnerability {unknown}
 z - a scroll of amnesia {unknown}
 I - a scroll of poison {unknown}
 K - a scroll of blinking {unknown}
 O - a scroll of enchant armour {unknown}
 T - a scroll of silence {unknown}
Potions
 b - 2 potions of invisibility
 i - 7 potions of attraction
 s - a potion of mutation
 t - a potion of berserk rage
 u - a potion of flight {unknown}
 A - a potion of cancellation {unknown}
 H - 4 potions of lignification
 J - a potion of degeneration {unknown}
 L - 3 potions of heal wounds {unknown}
 M - a potion of ambrosia {unknown}
 N - 2 potions of might
 R - a potion of resistance {unknown}


   Skills:
 + Level 7.3 Fighting
 + Level 5.6(7.5) Short Blades
 + Level 7.6(8.5) Long Blades
 + Level 1.5 Throwing
 + Level 4.4 Armour
 + Level 7.2 Dodging
 + Level 3.3 Stealth
 + Level 0.2 Evocations


You knew the following spells:

 Your Spells              Type           Power      Damage    Failure   Level
a - Kiss of Death         Conj/Necr      0%         2d5       43%         1
b - Momentum Strike       Conj/Tloc      0%         3d8       56%         2
c - Confusing Touch       Hex            0%         N/A       80%         3
d - Animate Dead          Necr           0%         N/A       99%         4
Your spell library was empty.

Dungeon Overview and Level Annotations

Branches:
Dungeon (9/15)             Temple (1/1) D:7         Ossuary (visited)
   Lair: D:8-11         Orc: D:9-12

Altars:
Ashenzari
Cheibriados
Dithmenos
Elyvilon
Fedhas
Gozag
Hepliaklqana
Makhleb
Nemelex Xobeh
Qazlal
Ru
Trog
Uskayaw
Wu Jian
Xom
Yredelemnul
Zin

Annotations:
D:6 1 runed translucent door, superradish's ghost, novice VSBr


Innate Abilities, Weirdness & Mutations

You are immune to sickness and miasma.
You are immune to poison.
Your flesh is very heat resistant. (rF++)
You are vulnerable to cold. (rC-)
You float through the air rather than walking.
You learn spells naturally, not from books.
Your magical power is your life essence.
You have superior vitality. (+4 MHP)


Message History

The yak gores you. The yak gores you!
You slash the yak! You freeze the yak.
The yak is severely wounded.
The yak misses you. The yak gores you.
You slash the yak! You freeze the yak.
You kill the yak!
Makhleb accepts your kill. The yak gores you. The yak misses you.
The yak attacks as you move away! The yak gores you.
The yak attacks as you move away! The yak closely misses you.
Things that are here:
a +0 whip; a curare-tipped dart; a kobold corpse The yak attacks as you move away!
The yak gores you!
* * * LOW HITPOINT WARNING * * *
The yak attacks as you move away! The yak gores you!
* * * LOW HITPOINT WARNING * * *
The yak attacks as you move away! The yak gores you but does no damage.
The yak attacks as you move away! The yak completely misses you.
The yak attacks as you move away! The yak gores you but does no damage.
You slash the yak! You freeze the yak.
The yak is moderately wounded.
The yak gores you but does no damage.
You hit the yak. You freeze the yak.
The yak is moderately wounded.
The yak gores you!
* * * LOW HITPOINT WARNING * * *
You hit the yak. You freeze the yak.
The yak is heavily wounded.
The yak gores you!
* * * LOW HITPOINT WARNING * * *
Aiming: Polymorph
Press: ? - help, Q - select action, (/) - cycle Shift-Dir - straight line, f - yak
Aim: a yak (heavily wounded, will become a black mamba, a troll, or a raiju, chance to affect: 49%)
The yak resists with some effort.
The yak barely misses you.
Things that are here:
a +0 dagger; a kobold corpse The yak attacks as you move away!
The yak gores you!
You die...

#########
#.......####
#.#.......)#
###.#.######.#
#####...#.#≈≈≈≈§.#
......###.#≈.>§#)#
......###.#≈_8§#.##
......##..#≈≈≈≈#@.#
......#...######Y.#
..................#
...............#..#
.................##
.......#####...###
.......#...#...#
##.....#...#...###
.#.....'...#.....#


You could see a yak.

Vanquished Creatures
  Sigmund (D:5)
  7 yaks
  An acid dragon (D:6)
  3 water moccasins
  2 orc warriors (D:8)
  2 black bears
  An ice beast (D:7)
  2 ogres (D:4)
  A centaur (D:8)
  2 kobold brigands (D:9)
  A phantom (D:3)
  Blork the orc (D:5)
  A bullfrog (D:7)
  9 scorpions
  3 jellies
  5 wights (D:7)
  4 hounds
  An orc priest (D:6)
  6 human zombies (Ossuary)
  A sleepcap (D:7)
  Jessica (D:2)
  2 orc wizards
  5 scorpion zombies (Ossuary)
  Ijyb (D:5)
  4 iguanas
  3 mummies (Ossuary)
  5 adders
  3 gnolls (D:5)
  A white imp (D:8)
  3 ufetubi
  4 worms
  3 dart slugs
  26 orcs
  10 bats
  12 endoplasms
  4 giant cockroaches
  8 goblins
  6 hobgoblins
  6 jackals (D:1)
  3 quokkas
  6 ball pythons
  2 frilled lizards
  2 gnoll zombies (Ossuary)
  2 goblin zombies (Ossuary)
  2 hobgoblin zombies (Ossuary)
  14 kobolds
  2 kobold zombies (Ossuary)
  2 orc zombies (Ossuary)
  8 rats
204 creatures vanquished.

Vanquished Creatures (others)
  A wizard (D:6)
1 creature vanquished.

Grand Total: 205 creatures vanquished

Notes
Turn   | Place    | Note
-------+----------+-------------------------------------------
     0 | D:1      | Cirac the Djinni Gladiator began the quest for the Orb.
     0 | D:1      | Reached XP level 1. HP: 18/18 MP: 0/0
    61 | D:1      | Reached XP level 2. HP: 21/23 MP: 0/0
   365 | D:1      | Reached XP level 3. HP: 26/28 MP: 0/0
   365 | D:1      | Learned a level 1 spell: Kiss of Death
   615 | D:1      | Found a faded altar of an unknown god.
  1100 | D:2      | Noticed Jessica
  1110 | D:2      | Reached XP level 4. HP: 30/33 MP: 0/0
  1111 | D:2      | Found a sparkling altar of Nemelex Xobeh.
  1124 | D:2      | Killed Jessica
  1135 | D:2      | Reached skill level 1 in Armour
  1373 | D:2      | Reached XP level 5. HP: 39/39 MP: 0/0
  1373 | D:2      | Learned a level 2 spell: Momentum Strike
  2362 | D:3      | Found a hazy altar of Hepliaklqana.
  2512 | D:3      | Reached XP level 6. HP: 29/45 MP: 0/0
  3563 | D:4      | Reached skill level 1 in Stealth
  3628 | D:4      | Noticed an ogre
  3644 | D:4      | Killed an ogre
  3645 | D:4      | Reached skill level 5 in Long Blades
  3645 | D:4      | Reached XP level 7. HP: 20/50 MP: 0/0
  3645 | D:4      | Learned a level 3 spell: Confusing Touch
  4248 | D:5      | Entered Level 5 of the Dungeon
  4248 | D:5      | Noticed Ijyb
  4267 | D:5      | Killed Ijyb
  4445 | D:5      | Found an ornate altar of the Wu Jian Council.
  4571 | D:5      | Noticed Sigmund
  4601 | D:5      | Killed Sigmund
  4602 | D:5      | Reached XP level 8. HP: 43/56 MP: 0/0
  4750 | D:5      | Noticed Blork the orc
  4762 | D:5      | Killed Blork the orc
  4763 | D:5      | Reached skill level 1 in Short Blades
  5520 | D:6      | Reached skill level 5 in Dodging
  5599 | D:6      | Identified the amulet "Cuklux" {rN+ Regen+}
  6141 | D:6      | Found a runed translucent door.
  6141 | D:6      | Noticed superradish's ghost (novice VSBr)
  6314 | D:6      | Found a bloodstained altar of Trog.
  6316 | D:6      | Noticed a wizard
  6321 | D:6      | Killed a wizard
  6650 | D:7      | Reached XP level 9. HP: 21/63 MP: 0/0
  6650 | D:7      | Learned a level 4 spell: Animate Dead
  6712 | D:7      | Found a sand-covered staircase.
  6727 | Ossuary  | Entered an ossuary
  6904 | Ossuary  | Reached skill level 5 in Fighting
  7678 | D:7      | Found a hide-covered altar of Uskayaw.
  7735 | D:7      | Found a staircase to the Ecumenical Temple.
  8099 | D:7      | Reached skill level 5 in Short Blades
  8287 | D:7      | Reached XP level 10. HP: 67/72 MP: 0/0
  8394 | Temple   | Entered the Ecumenical Temple
  8414 | Temple   | Became a worshipper of Makhleb the Destroyer
 10304 | D:9      | Found a basalt altar of Yredelemnul.
 10304 | D:9      | Found a glowing silver altar of Zin.
 10341 | D:9      | Found a stormy altar of Qazlal.
 10560 | D:9      | Found a blossoming altar of Fedhas.
 10730 | D:9      | Reached * piety under Makhleb
 10808 | D:9      | Slain by a yak

Illustrated notes

Levels and vault maps discovered:
D:1:      shiori_arrival_maze, layout_loops_corners,
          nicolae_ecumenical_snake_handling
D:2:      layout_rooms, basic_altar, dk_noncrumbling_2, uniq_jessica
D:3:      wander_river, layout_basic, nzn_hepliaklqana_mist_gate
D:4:      layout_basic
D:5:      layout_loops_ring, nicolae_overflow_hidden_temple,
          hangedman_abyss_or_decor_slice, uniq_blork_the_orc, uniq_ijyb,
          uniq_sigmund
D:6:      layout_basic, trog_wizard, hellmonk_ghost_happy_afterlife, st_stairs_4
D:7:      layout_loops_cross, amcnicky_altar_gilded,
          minmay_temple_entry_drinking_statues, enter_ossuary_5,
          grunt_ministairs_11
D:8:      layout_basic, lemuel_tele_altar, minmay_misc_feat_tower
D:9:      layout_irregular_city, okawaru_altar_gauntlet_db,
          nicolae_overflow_two_pavilions, general_overflow_altar,
          nicolae_qazlal_scattered_showers, erik_lair_dragon
Temple:   nicolae_temple_bog_church

Skill      XL: |  1  2  3  4  5  6  7  8  9 10 |
---------------+-------------------------------+-----
Long Blades    | 3 4 5 6 7 |  7.6
Armour         | 1 2 3 4 |  4.4
Dodging        | 4 6 7 |  7.2
Stealth        | 1 2 3 |  3.3
Fighting       | 3 4 5 7 |  7.3
Short Blades   | 2 5 |  5.6
Throwing       | |  1.5
Evocations     | |  0.2

Action                     |  1- 3 |  4- 6 |  7- 9 | 10-12 || total
---------------------------+-------+-------+-------+-------++-------
  Melee: Long sword        |   104 |   176 |     1 |   112 ||   393
         Punch             |       |     2 |    13 |     1 ||    16
         Dagger            |       |       |   631 |       ||   631
         Falchion          |       |       |     2 |    10 ||    12
  Evoke: Wand              |       |       |     3 |     2 ||     5
    Use: Scroll            |     1 |       |    11 |     4 ||    16
         Potion            |       |       |     1 |     1 ||     2
   Stab: Sleeping          |     1 |     1 |     6 |     1 ||     9
         Distracted        |       |       |     2 |     1 ||     3
 Armour: Leather armour    |    25 |    55 |   136 |    34 ||   250
  Dodge: Dodged            |   105 |   127 |   352 |   125 ||   709
